| TOP OF THE 1ST |
|
Oakland Athletics batting - Pitching for Toronto Blue Jays : LHP Stacy Hootentootin
|
|
Pitching: LHP Stacy Hootentootin
|
|
|
Batting: RHB Philip Jansen
|
0-0: Called Strike 0-1: Ball 1-1: Ball 2-1: Foul Ball, location: 2F 2-2: SINGLE (Groundball, 56S, EV 71.9 MPH) (infield hit)
|
|
Batting: RHB Danny Murillo
|
0-0: Ball 1-0: Ball 2-0: Called Strike 2-1: Fly out, F6 (Popup, 4MS, EV 70.6 MPH)
|
|
Batting: SHB Robert Handy
|
0-0: Called Strike 0-1: Ball 1-1: Foul Ball, location: 2F 1-2: Foul Ball, location: 2F 1-2: Grounds into double play, 5-4-3 (Groundball, 56S, EV 79.4 MPH)
|
| Top of the 1st over - 0 runs, 1 hit, 0 errors, 0 left on base; Oakland 0 - Toronto 0 |
| BOTTOM OF THE 1ST |
|
Toronto Blue Jays batting - Pitching for Oakland Athletics : RHP Mitsuo Kuriyama
|
|
Pitching: RHP Mitsuo Kuriyama
|
|
|
Batting: LHB Jon Schick
|
0-0: Called Strike 0-1: Ground out 6-3 (Groundball, 6, EV 82.5 MPH)
|
|
Batting: LHB Gabe White
|
0-0: Ball 1-0: Ball 2-0: Reached on error, E4 (Groundball, 4M, EV 110.6 MPH)
|
|
Batting: SHB Matt Altieri
|
0-0: Called Strike Gabe White steals 3rd base 0-1: Ball 1-1: TRIPLE (Flyball, 78XD, EV 108.1 MPH) Gabe White scores
|
|
Batting: RHB Ruben Velasco
|
0-0: Swinging Strike 0-1: Ball 1-1: Foul Ball, location: 2F 1-2: Ball 2-2: SINGLE (Groundball, 4MD, EV 95.6 MPH) Matt Altieri scores
|
|
Batting: RHB Kirk Arp
|
0-0: Foul Ball, location: 2F 0-1: Called Strike Ruben Velasco steals 2nd base (no throw) 0-2: Foul Ball, location: 2F 0-2: Ball 1-2: Ball 2-2: Ball 3-2: Fly out, F7 (Line Drive, 7, EV 93.8 MPH)
|
|
Batting: LHB Isto Mäyrä
|
0-0: Ball 1-0: Swinging Strike 1-1: Called Strike 1-2: Strikes out looking
|
| Bottom of the 1st over - 2 runs, 2 hits, 1 error, 1 left on base; Oakland 0 - Toronto 2 |
| TOP OF THE 2ND |
|
Oakland Athletics batting - Pitching for Toronto Blue Jays : LHP Stacy Hootentootin
|
|
Batting: LHB Sakae Kasahara
|
0-0: Ball 1-0: Ball 2-0: SINGLE (Groundball, 34D, EV 103.8 MPH) (infield hit)
|
|
Batting: RHB Adam McGurn
|
0-0: Called Strike 0-1: Ball 1-1: Ball 2-1: Swinging Strike 2-2: Ball 3-2: Strikes out swinging
|
|
Batting: LHB Nate Dean
|
0-0: Ball 1-0: Ball 2-0: Foul Ball, location: 2F 2-1: Fly out, F9 (Flyball, 89M, EV 90.0 MPH)
|
|
Batting: SHB Ryan Langlois
|
0-0: Ball 1-0: Foul Ball, location: 2F 1-1: Foul Ball, location: 2F 1-2: Ball 2-2: Strikes out looking
|
| Top of the 2nd over - 0 runs, 1 hit, 0 errors, 1 left on base; Oakland 0 - Toronto 2 |
| BOTTOM OF THE 2ND |
|
Toronto Blue Jays batting - Pitching for Oakland Athletics : RHP Mitsuo Kuriyama
|
|
Batting: RHB Tommy Mize
|
0-0: Ball 1-0: SINGLE (Line Drive, 7S, EV 93.1 MPH)
|
|
Batting: SHB Dylan Novakowski
|
0-0: Ball 1-0: Called Strike 1-1: Foul Ball, location: 2F 1-2: Ball 2-2: Foul Ball, location: 2F 2-2: Foul Ball, location: 2F 2-2: Ball 3-2: Base on Balls Tommy Mize to second
|
|
Batting: RHB Jerry Jauregui
|
0-0: Ball 1-0: Called Strike 1-1: Foul Ball, location: 2F 1-2: Foul Ball, location: 2F 1-2: Foul Ball, location: 2F 1-2: Ball 2-2: Foul Ball, location: 2F 2-2: Strikes out swinging
|
|
Batting: LHB Jon Schick
|
0-0: Foul Ball, location: 2F 0-1: Swinging Strike 0-2: Strikes out swinging
|
|
Batting: LHB Gabe White
|
0-0: Ball 1-0: Called Strike 1-1: Fly out, F9 (Flyball, 9, EV 91.3 MPH)
|
| Bottom of the 2nd over - 0 runs, 1 hit, 0 errors, 2 left on base; Oakland 0 - Toronto 2 |
| TOP OF THE 3RD |
|
Oakland Athletics batting - Pitching for Toronto Blue Jays : LHP Stacy Hootentootin
|
|
Batting: LHB George Leary
|
0-0: Called Strike 0-1: Called Strike 0-2: Ball 1-2: Strikes out swinging
|
|
Batting: SHB Bob Morales
|
0-0: Ball 1-0: Ground out 5-3 (Groundball, 56, EV 83.1 MPH)
|
|
Batting: RHB Philip Jansen
|
0-0: Called Strike 0-1: Foul Ball, location: 2F 0-2: Ground out 3-1 (Groundball, 34S, EV 86.3 MPH)
|
| Top of the 3rd over - 0 runs, 0 hits, 0 errors, 0 left on base; Oakland 0 - Toronto 2 |
| BOTTOM OF THE 3RD |
|
Toronto Blue Jays batting - Pitching for Oakland Athletics : RHP Mitsuo Kuriyama
|
|
Batting: SHB Matt Altieri
|
0-0: Ball 1-0: Called Strike 1-1: Swinging Strike 1-2: Foul Ball, location: 2F 1-2: Ball 2-2: Ball 3-2: Fly out, F7 (Flyball, 78S, EV 88.8 MPH)
|
|
Batting: RHB Ruben Velasco
|
0-0: Foul Ball, location: 2F 0-1: Swinging Strike 0-2: Ball 1-2: Strikes out looking
|
|
Batting: RHB Kirk Arp
|
0-0: Ball 1-0: Ball 2-0: Foul Ball, location: 2F 2-1: Ball 3-1: SOLO HOME RUN (Flyball, 7D, EV 97.5 MPH), Distance : 364 ft
|
|
Batting: LHB Isto Mäyrä
|
0-0: SINGLE (Groundball, 34D, EV 97.5 MPH)
|
|
Batting: RHB Tommy Mize
|
0-0: Ball 1-0: Ball 2-0: Ball 3-0: Base on Balls Isto Mäyrä to second
|
|
Batting: SHB Dylan Novakowski
|
0-0: Ball 1-0: Foul Ball, location: 2F 1-1: Ball 2-1: Foul Ball, location: 2F 2-2: Ball 3-2: Strikes out swinging
|
| Bottom of the 3rd over - 1 run, 2 hits, 0 errors, 2 left on base; Oakland 0 - Toronto 3 |
| TOP OF THE 4TH |
|
Oakland Athletics batting - Pitching for Toronto Blue Jays : LHP Stacy Hootentootin
|
|
Batting: RHB Danny Murillo
|
0-0: SINGLE (Groundball, 56, EV 100.6 MPH) (infield hit)
|
|
Batting: SHB Robert Handy
|
0-0: Called Strike 0-1: Ball 1-1: Ball 2-1: Foul Ball, location: 2F 2-2: Foul Ball, location: 2F 2-2: Strikes out swinging
|
|
Batting: LHB Sakae Kasahara
|
0-0: Called Strike 0-1: Foul Ball, location: 2F 0-2: Strikes out looking
|
|
Batting: RHB Adam McGurn
|
0-0: Ball 1-0: Foul Ball, location: 2F 1-1: Ball 2-1: Foul Ball, location: 2F 2-2: Strikes out swinging
|
| Top of the 4th over - 0 runs, 1 hit, 0 errors, 1 left on base; Oakland 0 - Toronto 3 |
| BOTTOM OF THE 4TH |
|
Toronto Blue Jays batting - Pitching for Oakland Athletics : RHP Mitsuo Kuriyama
|
|
Batting: RHB Jerry Jauregui
|
0-0: Foul Ball, location: 2F 0-1: Fly out, F4 (Popup, 34, EV 78.1 MPH)
|
|
Batting: LHB Jon Schick
|
0-0: Foul Ball, location: 2F 0-1: Foul Ball, location: 2F 0-2: Foul Ball, location: 2F 0-2: Strikes out swinging
|
|
Batting: LHB Gabe White
|
0-0: Ball 1-0: Called Strike 1-1: Called Strike 1-2: Strikes out swinging
|
| Bottom of the 4th over - 0 runs, 0 hits, 0 errors, 0 left on base; Oakland 0 - Toronto 3 |
| TOP OF THE 5TH |
|
Oakland Athletics batting - Pitching for Toronto Blue Jays : LHP Stacy Hootentootin
|
|
Batting: LHB Nate Dean
|
0-0: Fly out, F8 (Flyball, 8RM, EV 85.0 MPH)
|
|
Batting: SHB Ryan Langlois
|
0-0: Ball 1-0: Foul Ball, location: 2F 1-1: Ball 2-1: Ball 3-1: Foul Ball, location: 2F 3-2: Foul Ball, location: 2F 3-2: Base on Balls
|
|
Batting: LHB George Leary
|
0-0: Ball 1-0: Foul Ball, location: 2F 1-1: Swinging Strike 1-2: Strikes out looking
|
|
Batting: SHB Bob Morales
|
0-0: Swinging Strike 0-1: Ball 1-1: Ball 2-1: Called Strike 2-2: Strikes out swinging
|
| Top of the 5th over - 0 runs, 0 hits, 0 errors, 1 left on base; Oakland 0 - Toronto 3 |
| BOTTOM OF THE 5TH |
|
Toronto Blue Jays batting - Pitching for Oakland Athletics : RHP Mitsuo Kuriyama
|
|
Batting: SHB Matt Altieri
|
0-0: Ball 1-0: Ball 2-0: Swinging Strike 2-1: Ball 3-1: SINGLE (Groundball, P, EV 89.4 MPH) (infield hit)
|
|
Batting: RHB Ruben Velasco
|
0-0: Ball 1-0: Ball 2-0: Ball 3-0: Base on Balls Matt Altieri to second
|
|
Batting: RHB Kirk Arp
|
0-0: Ball Matt Altieri steals 3rd base 1-0: Ball Wild Pitch! Matt Altieri scores Ruben Velasco to second 2-0: Called Strike 2-1: Ball 3-1: Foul Ball, location: 2F 3-2: Fly out, F8 (Flyball, 8LM, EV 88.1 MPH)
|
|
Batting: LHB Isto Mäyrä
|
0-0: Ball Ruben Velasco steals 3rd base 1-0: Ground out 4-3 (Groundball, 4, EV 101.9 MPH) Ruben Velasco scores
|
|
Batting: RHB Tommy Mize
|
0-0: Ball 1-0: Foul Ball, location: 2F 1-1: Ball 2-1: Ball 3-1: SOLO HOME RUN (Flyball, 7D, EV 96.3 MPH), Distance : 377 ft
|
|
Batting: SHB Dylan Novakowski
|
0-0: Ball 1-0: Ball 2-0: Foul Ball, location: 2F 2-1: Swinging Strike 2-2: Ball 3-2: Foul Ball, location: 2F 3-2: Foul Ball, location: 2F 3-2: Foul Ball, location: 2F 3-2: Fly out, F7 (Flyball, 78D, EV 101.3 MPH)
|
| Bottom of the 5th over - 3 runs, 2 hits, 0 errors, 0 left on base; Oakland 0 - Toronto 6 |
| TOP OF THE 6TH |
|
Oakland Athletics batting - Pitching for Toronto Blue Jays : LHP Stacy Hootentootin
|
|
Batting: RHB Philip Jansen
|
0-0: Called Strike 0-1: SINGLE (Groundball, 6S, EV 61.3 MPH) (infield hit)
|
|
Batting: RHB Danny Murillo
|
0-0: Ball 1-0: Called Strike 1-1: Called Strike 1-2: Foul Ball, location: 2F 1-2: Foul Ball, location: 2F 1-2: Strikes out swinging
|
|
Batting: SHB Robert Handy
|
0-0: Foul Ball, location: 2F 0-1: Ball 1-1: Ball 2-1: Ball 3-1: Foul Ball, location: 2F 3-2: Base on Balls Philip Jansen to second
|
|
Batting: LHB Sakae Kasahara
|
0-0: Ball 1-0: Ball 2-0: Called Strike 2-1: Foul Ball, location: 2F 2-2: Foul Ball, location: 2F 2-2: Strikes out swinging
|
|
Batting: RHB Adam McGurn
|
0-0: Ball 1-0: Called Strike 1-1: Fly out, F8 (Flyball, 8LD, EV 94.4 MPH)
|
| Top of the 6th over - 0 runs, 1 hit, 0 errors, 2 left on base; Oakland 0 - Toronto 6 |
| BOTTOM OF THE 6TH |
|
Toronto Blue Jays batting - Pitching for Oakland Athletics : RHP Mitsuo Kuriyama
|
|
Pitching: LHP Bobby Storey
|
|
|
Batting: RHB Jerry Jauregui
|
0-0: Ball 1-0: Called Strike 1-1: Called Strike 1-2: Ball 2-2: TRIPLE (Flyball, 78XD, EV 101.3 MPH)
|
|
Batting: LHB Jon Schick
|
0-0: Called Strike 0-1: Ball 1-1: TRIPLE (Line Drive, 89XD, EV 105.0 MPH) Jerry Jauregui scores
|
|
Batting: LHB Gabe White
|
0-0: Called Strike 0-1: Called Strike 0-2: Ground out U3 (Groundball, 3S, EV 85.6 MPH)
|
|
Batting: SHB Matt Altieri
|
0-0: Ball 1-0: Called Strike 1-1: Ball 2-1: Ball 3-1: Base on Balls
|
|
Batting: RHB Ruben Velasco
|
0-0: Ball Matt Altieri steals 2nd base 1-0: Ball 2-0: Ball 3-0: Base on Balls
|
|
Batting: RHB Kirk Arp
|
0-0: Ball 1-0: Foul Ball, location: 2F 1-1: Foul Ball, location: 2F 1-2: Foul Ball, location: 2F 1-2: Foul Ball, location: 2F 1-2: Ball 2-2: Strikes out swinging
|
|
Batting: LHB Isto Mäyrä
|
0-0: Called Strike 0-1: DOUBLE (Popup, 5D, EV 52.5 MPH) Jon Schick scores Matt Altieri scores Ruben Velasco to third Runner from 3rd tries for Home, SAFE, no throw by SS
|
|
Pitching: LHP Jamie Tanner
|
|
|
Batting: RHB Tommy Mize
|
0-0: SINGLE (Line Drive, 6D, EV 95.6 MPH) Isto Mäyrä to third
|
|
Batting: SHB Dylan Novakowski
|
0-0: Called Strike 0-1: Ground out 4-3 (Groundball, 4, EV 97.5 MPH)
|
| Bottom of the 6th over - 4 runs, 4 hits, 0 errors, 2 left on base; Oakland 0 - Toronto 10 |
| TOP OF THE 7TH |
|
Oakland Athletics batting - Pitching for Toronto Blue Jays : LHP Stacy Hootentootin
|
|
Batting: LHB Nate Dean
|
0-0: Ball 1-0: Called Strike 1-1: Foul Ball, location: 2F 1-2: Foul Ball, location: 2F 1-2: Ball 2-2: Strikes out swinging
|
|
Pinch Hitting: RHB Justin McQuarter
|
0-0: Ball 1-0: Ball 2-0: Ground out 6-3 (Groundball, 6S, EV 85.6 MPH)
|
|
Batting: LHB George Leary
|
0-0: Foul Ball, location: 2F 0-1: Foul Ball, location: 2F 0-2: Foul Ball, location: 2F 0-2: Foul Ball, location: 2F 0-2: Ball 1-2: Ball 2-2: Strikes out looking
|
| Top of the 7th over - 0 runs, 0 hits, 0 errors, 0 left on base; Oakland 0 - Toronto 10 |
| BOTTOM OF THE 7TH |
|
Toronto Blue Jays batting - Pitching for Oakland Athletics : LHP Jamie Tanner
|
|
Now at 3B: Justin McQuarter
|
|
|
Batting: RHB Jerry Jauregui
|
0-0: SINGLE (Line Drive, 3D, EV 95.0 MPH)
|
|
Batting: LHB Jon Schick
|
0-0: Called Strike 0-1: Fielders Choice at 2nd, 6-4 (Groundball, 6M, EV 83.1 MPH)
|
|
Batting: LHB Gabe White
|
0-0: SINGLE (Groundball, 4D, EV 105.6 MPH) Jon Schick to second
|
|
Batting: SHB Matt Altieri
|
0-0: Ball 1-0: Foul Ball, location: 2F 1-1: Fly out, F8 (Flyball, 8LD, EV 100.6 MPH)
|
|
Batting: RHB Ruben Velasco
|
0-0: Called Strike 0-1: Ball 1-1: Foul Ball, location: 2F 1-2: Strikes out swinging
|
| Bottom of the 7th over - 0 runs, 2 hits, 0 errors, 2 left on base; Oakland 0 - Toronto 10 |
| TOP OF THE 8TH |
|
Oakland Athletics batting - Pitching for Toronto Blue Jays : LHP Stacy Hootentootin
|
|
Batting: SHB Bob Morales
|
0-0: Swinging Strike 0-1: Foul Ball, location: 2F 0-2: Foul Ball, location: 2F 0-2: Fly out, F3 (Popup, 3S, EV 63.1 MPH)
|
|
Pitching: LHP Jon Valdovinos
|
|
|
Batting: RHB Philip Jansen
|
0-0: Called Strike 0-1: Ball 1-1: Foul Ball, location: 2F 1-2: Ball 2-2: Foul Ball, location: 2F 2-2: Strikes out swinging
|
|
Batting: RHB Danny Murillo
|
0-0: Ball 1-0: Ball 2-0: Ball 3-0: Base on Balls
|
|
Batting: SHB Robert Handy
|
0-0: Ball 1-0: DOUBLE (Flyball, 8RXD, EV 103.8 MPH) Danny Murillo to third Runner from 3rd tries for Home, SAFE, throw by CF to trailing runner, OUT at third! 8-3-5
|
| Top of the 8th over - 1 run, 1 hit, 0 errors, 0 left on base; Oakland 1 - Toronto 10 |
| BOTTOM OF THE 8TH |
|
Toronto Blue Jays batting - Pitching for Oakland Athletics : LHP Jamie Tanner
|
|
Pinch Hitting: RHB Cole Zelinski
|
0-0: Foul Ball, location: 2F 0-1: Ball 1-1: Called Strike 1-2: Foul Ball, location: 2F 1-2: Ball 2-2: Foul Ball, location: 2F 2-2: Foul Ball, location: 2F 2-2: Foul Ball, location: 2F 2-2: Ball 3-2: DOUBLE (Line Drive, 89D, EV 105.6 MPH)
|
|
Batting: LHB Isto Mäyrä
|
0-0: Called Strike 0-1: Ball 1-1: Ball 2-1: Ball 3-1: Foul Ball, location: 2F 3-2: SINGLE (Groundball, 4MD, EV 103.8 MPH) Cole Zelinski to third
|
|
Batting: RHB Tommy Mize
|
0-0: Ball 1-0: Ball 2-0: Fly out, F7 (Flyball, 78D, EV 101.9 MPH) Runner from 3rd tags up, SCORES, throw by LF
|
|
Batting: SHB Dylan Novakowski
|
0-0: Ball 1-0: Called Strike 1-1: Called Strike 1-2: Foul Ball, location: 2F 1-2: Foul Ball, location: 2F 1-2: Strikes out swinging
|
|
Batting: RHB Jerry Jauregui
|
0-0: Ball 1-0: Swinging Strike 1-1: Swinging Strike 1-2: Foul Ball, location: 2F 1-2: Ball 2-2: Fly out, F9 (Flyball, 9, EV 85.0 MPH)
|
| Bottom of the 8th over - 1 run, 2 hits, 0 errors, 1 left on base; Oakland 1 - Toronto 11 |
| TOP OF THE 9TH |
|
Oakland Athletics batting - Pitching for Toronto Blue Jays : LHP Jon Valdovinos
|
|
Now at SS: Cole Zelinski
|
|
|
Batting: LHB Sakae Kasahara
|
0-0: Foul Ball, location: 2F 0-1: Called Strike 0-2: Strikes out swinging
|
|
Batting: RHB Adam McGurn
|
0-0: Called Strike 0-1: Ball 1-1: Foul Ball, location: 2F 1-2: Strikes out swinging
|
|
Batting: LHB Nate Dean
|
0-0: SINGLE (Groundball, 3S, EV 65.6 MPH) (infield hit)
|
|
Pinch Hitting: SHB Todd Hewitt
|
0-0: Ball 1-0: Ball 2-0: Fly out, F8 (Flyball, 8RM, EV 91.3 MPH)
|
| Top of the 9th over - 0 runs, 1 hit, 0 errors, 1 left on base; Oakland 1 - Toronto 11 |
|